 Dungeon Crawl Stone Soup version 0.27.1-33-g824d729ab1 (webtiles) character file.

Game seed: 4915472072172822253

312 H0rd4k the Ducker (level 6, -10/46 HPs)
             Began as a Human Artificer on Dec 9, 2021.
             Killed by divine providence
             ... invoked by an orc priest
              (13 damage)
             ... on level 4 of the Dungeon.
             The game lasted 00:03:37 (4185 turns).

H0rd4k the Ducker (Human Artificer)                 Turns: 4185, Time: 00:03:37

Health: -10/46     AC:  3    Str: 14    XL:     6   Next: 70%
Magic:  6/6        EV: 12    Int: 12    God:
Gold:   220        SH:  0    Dex: 13    Spells: 5/5 levels left

rFire    . . .     SeeInvis .   n - +1 dagger (drain)
rCold    . . .     Faith    .   (no shield)
rNeg     . . .     Spirit   .   b - +0 leather armour
rPois    .         Reflect  .   (no helmet)
rElec    .         Harm     .   (no cloak)
rCorr    .         Rampage  .   (no gloves)
Will     .....                  (no boots)
Stlth    ++........             (no amulet)
HPRegen  0.15/turn              (no ring)
MPRegen  0.10/turn              (no ring)

@: no status effects
A: no striking features
a: no special abilities


You were on level 4 of the Dungeon.
You visited 1 branch of the dungeon, and saw 4 of its levels.

You collected 220 gold pieces.

Inventory:

Hand Weapons
 f - a +0 dagger
 n - a +1 dagger of draining (weapon)
 r - a +0 dagger of venom
Armour
 b - a +0 leather armour (worn)
Jewellery
 k - a ring of ice
 p - an amulet of magic regeneration
Wands
 c - a wand of flame (8) (quivered)
 d - a wand of charming (5)
Scrolls
 a - a scroll of noise {unknown}
 g - 5 scrolls of identify {unknown}
 i - a scroll of fear {unknown}
 j - a scroll of silence {unknown}
 l - a scroll of magic mapping {unknown}
 m - a scroll of teleportation {unknown}
Potions
 h - a potion of degeneration {unknown}
 o - a potion of lignification {unknown}
 q - 2 potions of heal wounds {unknown}
 s - a potion of brilliance {unknown}
Miscellaneous
 e - a piece from Xom's chessboard (15/15)


   Skills:
 + Level 2.9 Fighting
 + Level 1.3 Maces & Flails
 - Level 2.2 Armour
 + Level 3.8 Dodging
 + Level 3.5 Stealth
 - Level 3.1 Evocations


You had 5 spell levels left.
You didn't know any spells.
Your spell library contained the following spells:

 Spells                   Type           Power      Damage    Failure   Level
 Freeze                   Ice            0%         1d3       38%         1
 Dazzling Flash           Conj/Hex       0%         N/A       77%         3
 Ice Form                 Ice/Tmut       0%         N/A       99%         4
 Yara's Violent Unravell  Hex/Tmut       0%         3d3       100%        5


Dungeon Overview and Level Annotations

Branches:
Dungeon (4/15)
 Temple: D:4-7

Altars:
The Shining One

Shops:
D:3 ?


Message History

Aim: an orc, wielding a +0 flail and wearing a +0 chain mail (chance to affect: 72%)
The orc is charmed.
Unknown command.
What are your orders? t - Shout!
Orders for allies: a - Attack new target. p - Attack previous target. r - Retreat! s - Stop attacking. g - Guard the area. f - Follow me.
Anything else - Cancel.
Guard this area!
The orc priest hits your orc with a +0 dagger.
Your orc hits the orc priest with a +0 flail.
Aiming: Charm
Press: ? - help, Shift-Dir - straight line, f - orc priest
Aim: an orc priest, wielding a +0 dagger (lightly wounded, chance to affect: 55%)
The orc priest resists with significant effort.
The orc priest shouts!
Unknown command.
Aiming: Charm
Press: ? - help, Shift-Dir - straight line, f/p - orc priest
Aim: an orc priest, wielding a +0 dagger (lightly wounded, chance to affect: 55%)
The orc priest is charmed.
Unknown command.
What are your orders? t - Shout!
Orders for allies: a - Attack new target. p - Attack previous target. r - Retreat! s - Stop attacking. g - Guard the area. f - Follow me.
Anything else - Cancel.
Guard this area!
The orc priest mumbles some strange prayers to Beogh against you.
Beogh smites you!
* * * LOW HITPOINT WARNING * * *
The orc priest barely misses your orc priest.
Your orc priest barely misses the orc priest.
Found an escape hatch in the ceiling.
A hound comes into view.
The orc priest invokes the aid of Beogh against you.
Beogh smites you!
You die...

# # .# #. ##### .# #< .#
....# ###.###.# .#
###.#####.......# #.# .#
.........[..# #. .# .#
###.#####.### #.#####.##.##.
###.#####h#####.............
....)...........@.....oo.#
#########.###..#####.##....
# #.# #..# #.##.# # # #.#
#..# #.##.## # # #.#
#.>#####.#.#o##.# #
#.###..##.....###o.# #
#............#.#.##.# #
#####..##.#####.## #
#...........oo.#


You could see a hound (wandering), an orc priest (ally target) and a friendly
orc priest (charmed).

Vanquished Creatures
  A scorpion (D:4)
  A hound (D:4)
  An orc priest (D:4)
  An orc wizard (D:4)
  2 hound skeletons (D:4)
  7 adders
  6 orcs (D:4)
  3 endoplasms
  5 giant cockroaches
  9 goblins
  8 hobgoblins
  5 jackals (D:3)
  5 quokkas
  5 ball pythons
  5 bats
  7 frilled lizards
  4 kobolds
  5 rats
80 creatures vanquished.

Vanquished Creatures (collateral kills)
  A dart slug (D:2)
  An endoplasm (D:2)
2 creatures vanquished.

Vanquished Creatures (others)
  2 orcs (D:4)
2 creatures vanquished.

Grand Total: 84 creatures vanquished

Notes
Turn   | Place    | Note
-------+----------+-------------------------------------------
     0 | D:1      | H0rd4k the Human Artificer began the quest for the Orb.
     0 | D:1      | Reached XP level 1. HP: 15/15 MP: 1/1
   268 | D:1      | Reached XP level 2. HP: 20/21 MP: 2/2
   981 | D:2      | Reached XP level 3. HP: 22/26 MP: 3/3
  1202 | D:2      | Reached skill level 1 in Maces & Flails
  1573 | D:2      | Reached XP level 4. HP: 21/33 MP: 4/4
  2027 | D:2      | Got the Tome of the Enchanting Glacier
  2543 | D:3      | Found Rusekhlyo's Magic Scroll Emporium.
  2642 | D:3      | Found a glowing golden altar of the Shining One.
  2649 | D:3      | Reached XP level 5. HP: 38/38 MP: 5/5
  3948 | D:4      | Reached XP level 6. HP: 46/46 MP: 6/6
  4185 | D:4      | Killed from afar by an orc priest

Illustrated notes

Levels and vault maps discovered:
D:1:      lightli_arrival_statue_moat, layout_basic, minmay_tromino_i2
D:2:      kennysheep_six_static_rooms, layout_basic, minmay_misc_feat_columns
D:3:      layout_loops_ring, amcnicky_altar_gilded, serial_shops, shop_statue,
          glass_columns_a, minmay_pentomino_pile
D:4:      layout_loops_ring, grunt_temple_overflow_order_and_chaos_2,
          uniq_blork_the_orc

Skill      XL: |  1  2  3  4  5 |
---------------+----------------+-----
Maces & Flails | 1 |  1.3
Dodging        | 2 3 |  3.8
Stealth        | 2 3 |  3.5
Fighting       | 2 |  2.9
Armour         | |  2.2
Evocations     | |  3.1

Action                   |  1- 3 |  4- 6 || total
-------------------------+-------+-------++-------
Melee: Dagger            |   136 |   185 ||   321
       Club              |     7 |       ||     7
Evoke: Wand              |     5 |    12 ||    17
  Use: Potion            |       |     2 ||     2
 Stab: Sleeping          |     5 |     6 ||    11
Armor: Leather armour    |    47 |    26 ||    73
Dodge: Dodged            |    85 |   123 ||   208
